Map: 2000 Atmospheres LE

Players

MaSa

  • Race: Terran Terran

JonSnow - Winner!

  • Race: Zerg Zerg
  • League: Master

Event: DreamHack SC2 Masters 2021 Summer

VOD

Have the link to the VOD?

Description

Time

  • Played on: May 26, 2021, 5:47 p.m.
  • Length: 12:00

All games in this series

Show
View Real Time Build Order
Export as new Build Order

MaSa Terran 

Build Orders: Reaper Expand, Hellion Banshee 

Get SALT Encoding   

  12  0:00  SCV  
  13  0:12  SCV  
  14  0:16  Supply Depot  
  14  0:24  SCV  
  15  0:38  SCV  
  15  0:40  Barracks  
  16  0:43  Refinery  
  16  0:50  SCV  
  17  1:02  SCV  
  18  1:14  SCV  
  19  1:27  Reaper, Orbital Command  
  20  1:38  Command Center  
  20  1:47  Supply Depot  
  20  1:53  SCV  
  21  1:58  Marine  
  22  2:04  Bunker  
  22  2:05  SCV  
  22  2:14  Factory  
  22  2:16  Marine  
  22  2:21  SCV  
  24  2:26  Refinery  
  24  2:33  SCV  
  24  2:35  Barracks Reactor  
  25  2:45  SCV  
  25  2:51  Orbital Command  
  26  2:57  SCV  
  27  2:59  Starport  
  27  3:00  Factory Tech Lab  
  27  3:09  SCV  
  28  3:23  SCV  
  30  3:27  Hellion x2  
  30  3:29  SCV  
  30  3:32  Barracks Tech Lab  
  33  3:35  SCV  
  33  3:40  Banshee, Cloaking Field  
  38  3:41  SCV  
  38  3:44  Supply Depot  
  38  3:48  SCV, Hellion  
  41  3:49  Hellion  
  41  3:53  SCV, Marine  
  45  4:05  Command Center  
  45  4:09  Supply Depot  
  45  4:13  Stimpack  
  45  4:14  SCV  
  46  4:21  SCV  
  49  4:24  Hellion  
  49  4:26  SCV  
  49  4:27  Hellion  
  52  4:32  Banshee  
  52  4:34  Marine  
  52  4:36  SCV  
  57  4:40  SCV  
  58  4:49  SCV  
  59  4:54  SCV, Barracks  
  59  4:55  Marine  
  59  4:58  Factory Reactor  
  61  5:00  Barracks  
  61  5:01  SCV  
  62  5:14  Supply Depot  
  62  5:16  SCV x2  
  62  5:22  Marine  
  63  5:28  SCV x2  
  63  5:31  Orbital Command, Starport Reactor  
  63  5:32  Engineering Bay  
  63  5:33  Engineering Bay  
  63  5:35  Refinery  
  65  5:40  SCV x2  
  67  5:43  Marine  
  67  5:44  Marine x2  
  67  5:48  Barracks  
  70  5:50  Barracks  
  70  5:53  SCV x2  
  70  5:54  Refinery  
  72  5:57  Siege Tank  
  72  5:58  SCV  
  72  6:01  Marine x3  
  72  6:02  Marine  
  80  6:05  SCV x2  
  80  6:06  Terran Infantry Armor Level 1  
  82  6:12  Terran Infantry Weapons Level 1  
  82  6:13  Orbital Command  
  82  6:14  Supply Depot  
  82  6:16  Supply Depot  
  82  6:19  Marine  
  82  6:24  Marine x2  
  85  6:28  Combat Shield  
  85  6:32  Supply Depot  
  85  6:35  Marine x2  
  85  6:36  SCV x2  
  91  6:42  Marine  
  91  6:46  Barracks Reactor x2, Medivac x2  
  94  6:47  SCV  
  94  6:48  SCV x2  
  94  6:50  Marine x2  
  99  6:57  Supply Depot  
  99  6:58  Siege Tank  
  99  7:01  Marine x2  
  104  7:04  SCV x2  
  104  7:08  Supply Depot  
  106  7:09  Marine x3  
  106  7:15  Armory  
  109  7:18  SCV, Marine  
  109  7:19  Bunker  
  109  7:22  Marine x2, Supply Depot  
  111  7:24  SCV x2  
  111  7:29  Marine  
  115  7:30  Marine x4  
  115  7:34  Siege Tank  
  115  7:35  Medivac  
  125  7:43  SCV, Marine  
  127  7:45  Medivac, Supply Depot  
  127  7:46  Supply Depot  
  127  7:48  Missile Turret  
  127  7:49  Missile Turret  
  129  8:00  Marine x4  
  121  8:09  SCV  
  121  8:11  Marine x4  
  121  8:12  Marine, Medivac, Siege Tank  
  120  8:15  Medivac  
  120  8:17  Supply Depot  
  120  8:18  Marine  
  113  8:22  Marine  
  113  8:23  Marine x2  
  107  8:29  Marine x2  
  107  8:30  Terran Infantry Weapons Level 2  
  107  8:33  SCV  
  110  8:34  Marine x3  
  110  8:35  Marine  
  110  8:40  Marine  
  110  8:41  Marine  
  115  8:42  Medivac  
  115  8:43  Marine  
  115  8:45  Medivac  
  115  8:47  Terran Infantry Armor Level 2, Refinery, Marine x2  
  116  8:52  Marine  
  116  8:54  Marine x3  
  115  8:57  Siege Tank  
  115  8:58  Marine  
  117  9:04  SCV  
  117  9:06  Marine x2  
  120  9:10  Command Center  
  120  9:15  Terran Vehicle And Ship Armor Level 1  
  120  9:17  Marine  
  120  9:18  Factory, Marine  
  120  9:19  SCV x2  
  120  9:20  SCV  
  123  9:31  Marine  
  123  9:32  Marine x4  
  123  9:37  Marine x3  
  123  9:38  Marine  
  120  9:43  Siege Tank  
  120  9:44  Medivac x2  
  109  9:47  SCV  
  109  9:49  Marine x3  
  109  9:50  Marine x2  
  114  9:55  Marine  
  114  9:57  Marine  
  114  9:58  Marine x2  
  106  10:05  SCV x2  
  106  10:06  Factory Reactor  
  91  10:07  Marine x4  
  91  10:08  Marine  
  91  10:09  SCV  
  91  10:13  Marine  
  91  10:14  Medivac x2  
  95  10:15  Marine  
  95  10:16  Marine x2  
  95  10:18  SCV  
  95  10:25  Marine x5  
  97  10:31  Marine  
  97  10:32  SCV  
  97  10:33  Marine x3  
  91  10:43  Marine x5  
  91  10:44  Medivac  
  91  10:49  Marine  
  90  10:51  Marine x3  
  90  10:52  SCV  
  90  10:55  SCV  
  72  11:00  Marine  
  72  11:01  Marine x4  
  72  11:02  Orbital Command  
  74  11:06  SCV, Marine  
  74  11:08  Marine  
  74  11:09  SCV, Marine x2  
  76  11:12  Widow Mine  
  78  11:18  SCV, Marine x2  
  78  11:19  Marine x3  
  78  11:21  SCV  
  78  11:24  Marine  
  89  11:26  Marine  
  89  11:28  Marine x2  
  79  11:35  SCV x2  
  79  11:36  Marine  
  79  11:37  Marine  
  79  11:38  Marine  
  87  11:47  SCV x2  
Show
View Real Time Build Order
Export as new Build Order

JonSnow Zerg - Winner!

Build Orders: Pool First, Muta Ling Bane 

Get SALT Encoding   

  12  0:02  Drone  
  13  0:12  Overlord  
  13  0:21  Drone  
  14  0:31  Drone x2  
  16  0:41  Spawning Pool  
  15  0:43  Drone  
  15  0:48  Drone  
  17  1:10  Hatchery  
  16  1:13  Drone  
  17  1:27  Extractor  
  17  1:29  Zergling x4  
  17  1:30  Zergling x2  
  19  1:35  Queen  
  21  1:40  Overlord  
  21  1:59  Drone  
  22  2:07  Drone  
  23  2:11  Queen  
  23  2:13  Drone  
  26  2:22  Drone, Queen  
  29  2:25  Drone  
  30  2:30  Metabolic Boost  
  29  2:48  Hatchery  
  29  2:50  Drone  
  29  2:52  Drone  
  29  2:55  Drone  
  29  2:57  Drone  
  32  3:03  Drone  
  32  3:04  Drone  
  34  3:08  Drone x2  
  36  3:33  Overlord  
  36  3:35  Overlord  
  36  3:39  Extractor  
  36  3:40  Extractor, Queen  
  38  3:52  Drone x6  
  38  3:54  Drone, Queen  
  47  3:55  Drone  
  47  3:56  Drone x3  
  47  3:59  Overlord  
  51  4:04  Queen  
  51  4:08  Overlord  
  53  4:11  Drone x2  
  53  4:13  Drone  
  53  4:16  Drone  
  53  4:17  Drone  
  58  4:21  Lair  
  57  4:25  Spore Crawler  
  57  4:26  Spore Crawler  
  57  4:31  Spore Crawler  
  54  4:34  Spore Crawler  
  54  4:36  Zergling x6  
  56  4:38  Drone  
  56  4:39  Drone  
  56  4:40  Drone  
  59  4:47  Overlord  
  59  4:48  Drone x4  
  59  4:51  Drone x2  
  65  4:54  Extractor, Drone  
  65  4:55  Extractor  
  65  4:56  Drone  
  65  5:02  Overlord  
  65  5:08  Zergling x4  
  65  5:09  Zergling x4  
  65  5:19  Queen x2  
  66  5:21  Drone  
  66  5:22  Drone x6  
  66  5:27  Drone x3  
  72  5:31  Overseer  
  72  5:32  Drone x2  
  72  5:34  Drone  
  72  5:35  Drone  
  73  5:43  Overlord  
  73  5:44  Drone x3  
  73  5:49  Drone x2, Extractor  
  77  5:50  Drone  
  77  5:54  Drone x2  
  77  5:55  Drone  
  77  5:56  Spire  
  80  5:57  Drone x2  
  80  6:00  Extractor  
  80  6:01  Extractor  
  80  6:04  Baneling Nest  
  80  6:07  Drone x2  
  80  6:09  Drone  
  82  6:13  Overlord  
  82  6:17  Zergling x2  
  83  6:21  Drone x2  
  83  6:22  Drone x3  
  86  6:29  Drone x2  
  86  6:30  Drone x2  
  86  6:32  Drone  
  90  6:37  Evolution Chamber  
  90  6:39  Evolution Chamber  
  86  6:48  Zergling x12  
  86  6:51  Queen  
  86  6:52  Overlord  
  94  6:57  Hatchery  
  94  7:00  Overlord  
  93  7:04  Overlord x3  
  93  7:09  Hatchery  
  93  7:11  Mutalisk x4, Baneling x2  
  99  7:16  Mutalisk  
  99  7:18  Centrifical Hooks  
  99  7:21  Baneling x2, Mutalisk x2  
  105  7:25  Zergling x8  
  109  7:30  Zergling x8  
  109  7:35  Zerg Melee Weapons Level 1  
  113  7:41  Zerg Ground Armor Level 1  
  113  7:42  Zergling x10  
  118  7:51  Mutalisk x2  
  118  8:01  Zergling x10  
  118  8:02  Zergling x2  
  118  8:05  Zergling x2  
  114  8:11  Mutalisk x3  
  113  8:17  Zergling x4  
  111  8:22  Mutalisk  
  111  8:23  Mutalisk  
  103  8:27  Zergling x8  
  103  8:31  Queen  
  109  8:35  Queen  
  109  8:36  Zergling x8  
  109  8:37  Baneling x3  
  109  8:38  Queen  
  109  8:39  Zergling x4  
  118  8:45  Queen  
  113  8:50  Zergling x8  
  113  8:51  Zergling x2  
  113  8:55  Zerg Flyer Weapons Level 1  
  117  8:58  Extractor  
  117  9:00  Mutalisk x3, Spore Crawler  
  117  9:01  Mutalisk  
  123  9:04  Zergling x16  
  131  9:14  Overlord x3  
  131  9:19  Mutalisk  
  131  9:20  Mutalisk x2  
  131  9:22  Baneling  
  137  9:28  Drone x5  
  137  9:30  Baneling x5  
  131  9:39  Zergling x8  
  131  9:40  Zergling x4  
  131  9:42  Mutalisk  
  131  9:45  Zergling x4  
  130  9:57  Zergling x4  
  122  10:06  Zergling x26  
  134  10:10  Zergling x6  
  132  10:15  Zergling x4  
  127  10:25  Mutalisk x5  
  127  10:28  Zergling x4  
  138  10:35  Zergling x6  
  134  10:43  Mutalisk  
  134  10:44  Mutalisk x5  
  134  10:47  Zergling x10  
  139  10:58  Zergling x10  
  140  11:05  Mutalisk x2  
  140  11:06  Mutalisk  
  140  11:09  Drone x5  
  141  11:12  Extractor  
  141  11:13  Extractor  
  141  11:18  Baneling x2, Zergling x2  
  139  11:19  Zergling x8  
  143  11:29  Zergling x10  
  135  11:56  Infestation Pit  
Tags
 
Add a new tag
Caveats
  • Supply blocks, unpowered buildings, or Contaminate may cause inaccurate times.
  • Supply counts are checked every 10 seconds.